 Dungeon Crawl Stone Soup version 0.28.0-1-gb440e238dd (webtiles) character file.

Game seed: 14117144167630368604

514 Woods the Chopper (level 7, -4/60 HPs)
             Began as a Minotaur Fighter on Feb 24, 2022.
             Was a Follower of Yredelemnul.
             Slain by a gnoll (6 damage)
             ... on level 4 of the Dungeon.
             The game lasted 00:04:50 (4268 turns).

Woods the Chopper (Minotaur Fighter)                Turns: 4268, Time: 00:04:51

Health: -4/60      AC:  8    Str: 21    XL:     7   Next: 0%
Magic:  4/6        EV: 10    Int:  5    God:    Yredelemnul [*.....]
Gold:   120        SH:  5    Dex: 11    Spells: 6/6 levels left

rFire   + . .      SeeInvis .   a - +0 war axe
rCold   . . .      Faith    .   c - +0 buckler
rNeg    . . .      Spirit   .   b - +0 scale mail
rPois   .          Reflect  .   (helmet restricted)
rElec   .          Harm     .   (no cloak)
rCorr   .          Rampage  .   (no gloves)
Will    .....                   r - +0 pair of boots
Stlth   ..........              (no amulet)
HPRegen 0.20/turn               m - ring of protection from fire
MPRegen 0.10/turn               (no ring)

@: about to teleport
A: horns 2, retaliatory headbutt
a: Renounce Religion, Recall Undead Harvest


You were on level 4 of the Dungeon.
You worshipped Yredelemnul.
Yredelemnul was noncommittal.
You visited 2 branches of the dungeon, and saw 5 of its levels.

You collected 120 gold pieces.

Inventory:

Hand Weapons
 a - a +0 war axe (weapon)
Armour
 b - a +0 scale mail (worn)
 c - a +0 buckler (worn)
 r - a +0 pair of boots (worn)
Jewellery
 l - a ring of flight
 m - a ring of protection from fire (left hand)
Scrolls
 f - a scroll of enchant armour {unknown}
 j - a scroll of immolation {unknown}
 k - 3 scrolls of teleportation
 n - a scroll of identify {unknown}
 p - a scroll of fog {unknown}
 q - a scroll of blinking {unknown}
Potions
 e - 2 potions of attraction {unknown}
 g - 2 potions of flight {unknown}
 h - 2 potions of curing {unknown}
 i - a potion of ambrosia {unknown}
 o - a potion of lignification {unknown}
 s - 2 potions of heal wounds {unknown}


   Skills:
 + Level 4.6 Fighting
 + Level 6.0 Axes
 + Level 5.8 Armour
 + Level 2.0 Dodging
 + Level 0.3 Stealth
 + Level 4.6 Shields


You had 6 spell levels left.
You didn't know any spells.
Your spell library contained the following spells:

 Spells                   Type           Power      Damage    Failure   Level
 Dazzling Flash           Conj/Hex       0%         N/A       99%         3
 Ignite Poison            Fire/Tmut/Pois 0%         N/A       99%         3
 Mephitic Cloud           Conj/Pois/Air  0%         N/A       99%         3
 Agony                    Necr           0%         N/A       100%        5
 Freezing Cloud           Conj/Ice/Air   0%         6-21      100%        5
 Silence                  Hex/Air        0%         N/A       100%        5


Dungeon Overview and Level Annotations

Branches:
Dungeon (4/15)             Temple (1/1) D:4

Altars:
Dithmenos
Elyvilon
Fedhas
Gozag
Kikubaaqudgha
Nemelex Xobeh
Okawaru
Ru
Trog
Wu Jian
Xom
Yredelemnul
Zin

Shops:
D:1 (*   D:4 :

Annotations:
D:4 1 transporter, a3don's ghost, novice MiFi


Innate Abilities, Weirdness & Mutations

You have a pair of horns on your head.
You reflexively headbutt those who attack you in melee.


Message History

You barely miss the gnoll. You headbutt the gnoll.
You kill the gnoll!
A black mist starts to gather...
The gnoll hits you from afar with a +2 vampiric halberd!
The gnoll hits you from afar with a +0 halberd.
* * * LOW HITPOINT WARNING * * *
Your kobold zombie hits the gnoll but does no damage.
You have reached level 7!
You swap places.
The gnoll hits you with a +2 vampiric halberd.
* * * LOW HITPOINT WARNING * * *
Your iguana zombie bites the gnoll but does no damage.
You hit the gnoll but do no damage.
Your gnoll zombie closely misses the gnoll.
The gnoll hits you with a +2 vampiric halberd!
* * * LOW HITPOINT WARNING * * *
You block the gnoll's attack.
Your iguana zombie closely misses the gnoll.
You swap places.
Your ball python zombie barely misses the gnoll.
Your ball python zombie grabs the gnoll.
Your ball python zombie constricts the gnoll.
The gnoll misses you.
Your gnoll zombie hits the gnoll.
The gnoll barely misses your gnoll zombie.
Your iguana zombie completely misses the gnoll.
There is a transporter landing site here.
As you read the scroll labelled POYHAG EJA, it crumbles to dust.
You feel strangely unstable.
It was a scroll of teleportation.
Your ball python zombie bites the gnoll but does no damage.
Your ball python zombie constricts the gnoll.
The gnoll hits you from afar with a +2 vampiric halberd.
* * * LOW HITPOINT WARNING * * *
The gnoll draws strength from your wounds!
Your gnoll zombie hits the gnoll.
The gnoll barely misses your gnoll zombie.
Your ball python zombie bites the gnoll.
Your ball python zombie constricts the gnoll.
The gnoll hits you from afar with a +2 vampiric halberd.
You die...
Your body rises from the dead as a mindless zombie.

###.≈≈≈≈≈≈≈≈≈≈≈...≈≈≈≈≈≈≈≈≈≈≈..#
....≈≈#####...........#####≈≈..#
###.≈≈#.#g#.###.©.###.#.#.#≈≈..#
##.≈≈#...###.#####©###...#≈≈..#
#..≈≈###.....Wg).......###≈≈..#
#..≈≈.8#.######Z######.#8.≈≈..#
##..≈≈.##.#. #8ZZ#.⌠.#.##.≈≈..#
...[≈≈.#gg+ #⌠©Zg...'..#.≈≈..#
###.≈≈.##.# #8@Z#.⌠.#.##.≈≈Z.#
#.≈≈.8#.######'######.#8.≈≈Z.#
###.≈≈###...............###≈≈Z.#
....≈≈#..!###g#####.###..(#≈≈Z.#
##..≈≈#g#.#.###.©.###.#.#.#≈≈Z.#
#..≈≈#####...........#####≈≈Z.#
#..≈≈≈≈≈≈≈≈≈≈≈≈≈≈≈≈≈≈≈≈≈≈≈≈≈Z.#
#..≈≈≈≈≈≈≈≈≈≈≈≈≈≈≈≈≈≈≈≈≈≈≈≈≈Z.#
##.........................Z..#


You could see 2 gnolls, a friendly iguana zombie, a friendly ball python zombie,
2 friendly gnoll zombies and a friendly kobold zombie.

Vanquished Creatures
  Grinder (D:3)
  An ogre (D:4)
  An iguana (D:4)
  Terence (D:3)
  An orc wizard (D:4)
  A hound zombie (D:3)
  2 adders (D:2)
  3 gnolls (D:4)
  An adder skeleton (D:4)
  4 worms
  A dart slug (D:2)
  6 orcs
  8 endoplasms
  8 giant cockroaches
  3 goblins
  2 hobgoblins
  4 jackals
  7 kobolds
  2 quokkas (D:2)
  5 ball pythons
  A bat (D:1)
  7 rats
70 creatures vanquished.

Vanquished Creatures (others)
  8 plants (D:4)
8 creatures vanquished.

Grand Total: 78 creatures vanquished

Notes
Turn   | Place    | Note
-------+----------+-------------------------------------------
     0 | D:1      | Woods the Minotaur Fighter began the quest for the Orb.
     0 | D:1      | Reached XP level 1. HP: 19/19 MP: 0/0
     1 | D:1      | Found a runed translucent door.
    99 | D:1      | Reached XP level 2. HP: 13/27 MP: 1/1
   321 | D:1      | Found Nupsepyitiw's Weapon Boutique.
   383 | D:1      | Found Cung's Assorted Antiques.
   517 | D:1      | Reached XP level 3. HP: 19/33 MP: 2/2
   935 | D:2      | Reached skill level 3 in Axes
  1668 | D:3      | Reached XP level 4. HP: 40/40 MP: 3/3
  1698 | D:3      | Noticed Terence
  1703 | D:3      | Killed Terence
  1704 | D:3      | Reached skill level 1 in Dodging
  1976 | D:3      | Noticed Grinder
  1992 | D:3      | Paralysed by Grinder for 6 turns
  2001 | D:3      | Killed Grinder
  2002 | D:3      | Reached skill level 5 in Axes
  2002 | D:3      | Reached skill level 5 in Armour
  2002 | D:3      | Reached XP level 5. HP: 10/47 MP: 4/4
  2002 | D:3      | Reached XP level 6. HP: 11/53 MP: 5/5
  2873 | D:3      | Found a sacrificial altar of Ru.
  3338 | D:4      | Found a staircase to the Ecumenical Temple.
  3351 | Temple   | Entered the Ecumenical Temple
  3356 | Temple   | Became a worshipper of Yredelemnul the Dark
  3383 | D:4      | Found a white marble altar of Elyvilon.
  3493 | D:4      | Found Rafriak's Self-Improvement Boutique.
  3686 | D:4      | Reached * piety under Yredelemnul
  3722 | D:4      | Found a transporter.
  3743 | D:4      | Found a transporter.
  4248 | D:4      | Noticed a3don's ghost (novice MiFi)
  4261 | D:4      | Reached skill level 6 in Axes
  4264 | D:4      | Reached XP level 7. HP: 16/60 MP: 3/6
  4267 | D:4      | HP: 2/60 [gnoll (3)]
  4268 | D:4      | Slain by a gnoll

Illustrated notes

Levels and vault maps discovered:
D:1:      dpeg_arrival_caged_fury, layout_rooms, serial_shops,
          nicolae_shop_waterfront, shop_fountains
D:2:      layout_basic
D:3:      layout_basic, nicolae_ru_path_of_blood, uniq_terence, uniq_grinder
D:4:      layout_loops_ring, mainiacjoe_overflow_tiny_flanked,
          minmay_temple_entry_crystal_x, gammafunk_ghost_gnarly_gnolls,
          serial_forest, infiniplex_forest_lined_2,
          infiniplex_forest_straight_2, infiniplex_forest_join,
          infiniplex_forest_clump_double, nicolae_shop_self_help
Temple:   minmay_freezing_vapour_temple

Skill      XL: |  1  2  3  4  5  6 |
---------------+-------------------+-----
Shields        | 4 |  4.6
Fighting       | 4 |  4.6
Armour         | 4 5 |  5.8
Axes           | 3 5 6 |  6.0
Dodging        | 1 2 |  2.0
Stealth        | |  0.3

Action                   |  1- 3 |  4- 6 |  7- 9 || total
-------------------------+-------+-------+-------++-------
Melee: War axe           |    89 |    76 |     1 ||   166
       Headbutt          |    11 |    16 |       ||    27
Invok: Recall Undead Har |       |     1 |       ||     1
  Use: Potion            |       |     1 |       ||     1
       Scroll            |       |       |     1 ||     1
Armor: Scale mail        |    44 |    23 |       ||    67
Dodge: Dodged            |    44 |    36 |     1 ||    81
Block: Buckler           |    23 |    12 |     1 ||    36
